Map: Dusty Gorge

Players

FastAndBlast

  • Race: Terran Terran
  • League: Platinum
  • Spawn Location: 3:00

TUTAGON

  • Race: Protoss Protoss
  • League: Platinum
  • Spawn Location: 5:00

Odin

  • Race: Protoss Protoss
  • League: Gold
  • Spawn Location: 11:00

keyser

  • Race: Terran Terran
  • League: Gold
  • Spawn Location: 9:00

VOD

Have the link to the VOD?

Description

Time

  • Played on: Dec. 7, 2018, 5:11 a.m.
  • Length: 13:50
Show
View Real Time Build Order
Export as new Build Order

FastAndBlast Terran 

Build Orders:  

Get SALT Encoding   

  12  0:00  SCV  
  13  0:12  SCV  
  14  0:18  Supply Depot  
  14  0:25  SCV  
  15  0:39  SCV  
  15  0:41  Barracks  
  16  0:49  Refinery  
  16  0:52  SCV  
  17  1:13  SCV  
  18  1:25  SCV  
  19  1:36  Reaper  
  19  1:37  SCV  
  21  1:47  Command Center  
  21  1:49  Orbital Command  
  21  2:07  Supply Depot  
  21  2:08  Marine  
  22  2:17  SCV  
  23  2:29  SCV  
  24  2:30  Factory  
  24  2:33  Barracks Reactor  
  24  2:42  SCV  
  24  2:45  Refinery  
  24  2:54  SCV  
  25  3:00  SCV  
  26  3:06  SCV  
  26  3:12  SCV  
  28  3:18  SCV  
  29  3:23  Marine x2  
  29  3:24  SCV  
  29  3:27  Factory Tech Lab  
  32  3:30  SCV  
  33  3:35  Starport  
  33  3:36  SCV  
  34  3:47  Marine x2  
  36  3:54  Command Center  
  36  3:56  Siege Tank  
  36  3:59  SCV  
  40  4:03  Orbital Command  
  40  4:11  SCV  
  41  4:23  SCV  
  42  4:26  Engineering Bay  
  42  4:27  Marine x2  
  42  4:29  Viking  
  46  4:44  Supply Depot  
  46  4:47  SCV x2  
  46  4:49  Marine x2  
  46  4:51  Siege Tank  
  53  4:56  Missile Turret  
  53  4:57  Missile Turret  
  54  5:00  SCV  
  54  5:06  SCV  
  55  5:08  Marine x2  
  55  5:10  Starport Tech Lab  
  57  5:14  Refinery  
  57  5:17  SCV  
  57  5:18  SCV  
  57  5:20  Planetary Fortress  
  59  5:22  Missile Turret  
  59  5:29  SCV  
  59  5:30  SCV  
  60  5:41  SCV  
  60  5:42  SCV  
  62  5:53  Refinery, SCV  
  62  5:54  SCV  
  64  5:57  Marine  
  64  5:58  Marine  
  64  6:00  Raven  
  68  6:05  Neosteel Armor, SCV  
  68  6:06  SCV  
  68  6:09  Supply Depot  
  70  6:14  SCV  
  70  6:17  SCV  
  72  6:18  SCV  
  73  6:26  SCV  
  73  6:30  SCV x2  
  76  6:38  SCV  
  77  6:42  SCV  
  77  6:45  Siege Tank  
  81  6:54  Marine x2  
  81  6:55  Starport Reactor  
  83  7:02  SCV x2  
  85  7:18  Marine x2, Supply Depot  
  85  7:19  SCV x3  
  85  7:22  Barracks  
  90  7:26  Siege Tank  
  93  7:39  SCV x2  
  93  7:40  Supply Depot  
  93  7:42  SCV  
  96  7:44  Refinery  
  96  7:46  Refinery  
  96  7:51  SCV x2  
  96  7:52  Armory  
  96  7:55  Armory  
  96  7:56  Factory  
  98  8:02  Factory  
  98  8:16  SCV x3  
  98  8:17  Liberator  
  101  8:28  SCV x3  
  101  8:33  Liberator  
  104  8:40  SCV x2  
  109  8:45  Command Center  
  109  8:50  Thor, Supply Depot  
  109  8:52  Terran Vehicle Weapons Level 1  
  109  8:55  Supply Depot  
  118  9:01  Siege Tank  
  121  9:04  Hellion x2  
  125  9:11  SCV x2  
  125  9:12  SCV  
  128  9:18  Missile Turret  
  128  9:23  SCV  
  129  9:24  Terran Vehicle And Ship Armor Level 1  
  129  9:25  Hellion x2  
  133  9:31  SCV x2  
  133  9:33  Siege Tank x2, Supply Depot  
  133  9:34  Supply Depot  
  133  9:35  Supply Depot  
  141  9:40  Missile Turret  
  141  9:54  SCV  
  141  9:55  SCV, Hellion x2  
  144  10:00  Missile Turret  
  144  10:03  Planetary Fortress  
  144  10:05  Siege Tank  
  144  10:06  Siege Tank  
  149  10:07  Sensor Tower  
  149  10:09  Viking x2  
  145  10:28  SCV x3  
  137  10:37  Thor x2  
  137  10:38  Barracks Tech Lab  
  137  10:40  SCV x4  
  137  10:41  Factory  
  153  10:52  SCV x4  
  157  11:00  Refinery  
  157  11:01  Refinery  
  157  11:04  SCV x4  
  157  11:07  Missile Turret  
  157  11:08  Missile Turret  
  161  11:15  Terran Vehicle Weapons Level 2  
  161  11:16  SCV x4  
  165  11:19  Terran Vehicle And Ship Armor Level 2  
  165  11:21  Armory  
  165  11:25  Thor x2  
  176  11:26  Hellion x2  
  176  11:28  SCV  
  176  11:30  Missile Turret  
  165  11:34  Viking x2  
  165  11:39  Starport  
  169  12:07  SCV x4  
  173  12:15  Barracks Reactor  
  146  12:46  SCV x3  
  146  12:47  SCV  
  146  12:50  Thor x2  
  162  12:52  Hellion x2  
  162  12:54  Command Center  
  166  12:58  SCV x2  
  166  12:59  SCV  
  162  13:13  Hellion x2  
  162  13:19  Missile Turret  
  166  13:20  Missile Turret, SCV x3  
  166  13:21  SCV  
  170  13:32  SCV  
Show
View Real Time Build Order
Export as new Build Order

TUTAGON Protoss 

Build Orders:  

Get SALT Encoding   

  12  0:01  Probe  
  13  0:16  Pylon  
  13  0:19  Probe  
  14  0:31  Probe  
  15  0:36  Gateway  
  15  0:43  Probe  
  16  0:54  Pylon  
  16  0:55  Probe  
  17  1:07  Probe  
  18  1:19  Probe  
  19  1:30  Cybernetics Core  
  19  1:31  Probe  
  20  1:49  Zealot  
  22  1:55  Pylon  
  22  1:57  Probe, Pylon  
  23  2:25  Zealot  
  26  2:30  Probe  
  26  2:42  Probe  
  27  3:07  Nexus  
  27  3:09  Pylon  
  27  3:11  Assimilator  
  26  3:19  Zealot  
  28  3:47  Assimilator  
  28  3:54  Stalker  
  30  3:56  Probe  
  30  3:57  Warp Gate  
  30  4:01  Pylon  
  31  4:08  Probe  
  32  4:20  Probe  
  32  4:23  Probe  
  34  4:32  Probe  
  34  4:35  Probe  
  34  4:37  Gateway x2  
  36  4:39  Gateway  
  36  4:41  Gateway x2  
  36  4:44  Gateway, Probe, Assimilator  
  37  4:47  Probe  
  37  4:51  Stalker  
  40  4:56  Probe  
  41  5:06  Probe  
  42  5:08  Probe  
  41  5:18  Probe  
  41  5:21  Stalker  
  41  5:22  Probe  
  41  5:25  Stalker  
  41  5:26  Stalker  
  46  5:34  Pylon  
  46  5:35  Pylon  
  46  5:42  Probe x2  
  48  5:45  Assimilator  
  48  5:54  Probe x2  
  48  5:55  Pylon  
  50  6:05  Twilight Council  
  50  6:22  Pylon  
  50  6:24  Pylon  
  50  6:35  Pylon  
  50  6:36  Charge  
  50  6:38  Pylon  
  50  6:53  Probe  
  50  6:54  Probe  
  52  6:56  Templar Archives  
  52  6:59  Stalker x3  
  52  7:00  Stalker x2  
  62  7:01  Stalker  
  62  7:05  Zealot  
  62  7:06  Probe x2  
  68  7:26  Pylon  
  68  7:35  High Templar x3  
  74  7:56  Psionic Storm  
  74  8:02  Nexus  
  74  8:04  Pylon  
  74  8:06  Probe x2  
  76  8:16  Blink  
  76  8:18  Probe x2  
  78  8:31  Forge  
  78  8:33  High Templar x2  
  82  8:38  Forge  
  82  9:09  Robotics Facility  
  82  9:14  Robotics Facility  
  82  9:15  Robotics Facility  
  82  9:23  Probe x3  
  85  9:36  High Templar x2  
  89  9:43  Archon x2  
  89  9:48  Assimilator  
  89  9:49  Probe  
  89  9:50  Probe x2  
  92  9:53  Zealot x3, Assimilator  
  92  9:54  Zealot x2  
  92  9:58  Protoss Ground Weapons Level 1  
  92  9:59  Protoss Ground Armor Level 1  
  102  10:02  Probe x3  
  105  10:14  Probe  
  106  10:26  Stalker x2  
  110  10:28  Stalker x3  
  110  10:29  Stalker x2  
  113  10:51  Probe  
  113  10:52  Probe x2  
  113  10:56  Immortal x3  
  116  11:04  Probe x3  
  131  11:16  Probe x2  
  133  11:25  Gateway  
  133  11:27  Gateway  
  133  11:28  Gateway x2  
  133  11:30  Gateway  
  131  11:57  Immortal  
  131  11:58  Immortal x2  
  143  12:02  High Templar x3  
  143  12:05  Zealot x4  
  155  12:36  Warp Prism x2  
  153  12:52  Zealot x6  
  153  12:54  Zealot  
  153  12:55  Zealot  
  139  13:42  High Templar x4  
  139  13:43  High Templar x4  
  139  13:44  High Templar x3  
Show
View Real Time Build Order
Export as new Build Order

Odin Protoss 

Build Orders: Oracle Opening 

Get SALT Encoding   

  12  0:03  Probe  
  13  0:21  Probe, Pylon  
  14  0:32  Probe  
  15  0:44  Gateway  
  15  0:52  Assimilator  
  15  0:53  Probe  
  16  1:01  Probe  
  17  1:17  Assimilator  
  17  1:23  Assimilator  
  17  1:26  Probe  
  18  1:35  Cybernetics Core  
  18  1:38  Pylon  
  18  1:42  Probe  
  19  1:54  Probe  
  19  2:00  Assimilator  
  20  2:02  Gateway  
  20  2:06  Probe  
  21  2:15  Probe  
  22  2:23  Probe  
  22  2:27  Adept  
  25  2:31  Warp Gate  
  25  2:52  Probe  
  25  2:57  Stargate  
  26  3:06  Probe  
  27  3:21  Probe  
  28  3:30  Adept  
  30  3:35  Pylon  
  30  3:36  Nexus  
  30  3:53  Oracle  
  33  4:00  Pylon  
  33  4:32  Gateway  
  33  4:34  Gateway  
  33  4:43  Twilight Council  
  33  4:50  Probe x2  
  35  5:04  Probe  
  35  5:05  Probe  
  35  5:06  Zealot x2  
  41  5:33  Probe x2  
  43  5:44  Phoenix  
  43  5:45  Probe  
  43  5:46  Probe  
  43  5:49  Stargate x2  
  47  5:51  Stargate, Nexus  
  47  5:58  Charge, Probe x2  
  49  6:07  Zealot x4  
  57  6:14  Assimilator  
  57  6:18  Assimilator  
  57  6:22  Forge  
  57  6:24  Forge  
  57  6:26  Probe  
  57  6:27  Probe  
  59  6:33  Phoenix  
  61  6:40  Pylon  
  61  7:03  Phoenix x4  
  69  7:17  Probe x3  
  72  7:26  Protoss Ground Weapons Level 1  
  72  7:29  Probe x3  
  75  7:32  Photon Cannon  
  75  7:37  Photon Cannon  
  75  7:39  Photon Cannon  
  75  7:41  Probe x3  
  75  7:42  Phoenix  
  80  7:53  Probe x2  
  82  8:04  Probe  
  83  8:05  Probe x2  
  83  8:10  Assimilator  
  83  8:12  Assimilator  
  85  8:20  Shield Battery  
  85  8:21  Shield Battery  
  85  8:25  Pylon  
  85  8:27  Pylon  
  85  8:28  Pylon  
  85  8:30  Pylon  
  85  8:32  Pylon  
  85  8:43  Phoenix x3  
  85  8:44  Probe x2  
  85  8:46  Phoenix  
  95  8:50  Protoss Shields Level 1  
  95  8:53  Protoss Air Weapons Level 1  
  95  8:55  Zealot x3  
  97  8:56  Probe, Zealot  
  104  9:08  Probe  
  105  9:13  Phoenix x2  
  109  9:21  Probe x3  
  112  9:28  Pylon  
  112  9:30  Pylon  
  112  9:33  Probe  
  112  9:34  Pylon x2  
  113  9:38  Phoenix  
  113  9:39  Phoenix x2  
  103  10:49  Phoenix x3  
  92  10:50  Phoenix  
  105  10:55  Stalker x4  
  115  11:19  Phoenix x4  
  123  11:26  Nexus  
  123  11:30  Assimilator  
  123  11:31  Assimilator  
  123  11:38  Fleet Beacon  
  123  11:49  Pylon  
  123  11:50  Phoenix x4  
  117  12:30  Tempest  
  117  12:31  Tempest x3  
  113  12:47  Zealot x4  
  117  13:29  Zealot  
  117  13:30  Zealot x3  
Show
View Real Time Build Order
Export as new Build Order

keyser Terran 

Build Orders:  

Get SALT Encoding   

  12  0:01  SCV  
  13  0:18  Supply Depot  
  13  0:19  SCV  
  14  0:31  SCV  
  15  0:42  Barracks  
  15  0:44  Refinery  
  15  0:46  SCV  
  16  0:58  SCV  
  17  1:10  SCV  
  18  1:22  SCV  
  19  1:29  Supply Depot  
  19  1:33  Reaper  
  19  1:35  Refinery, Orbital Command  
  20  1:58  Barracks  
  20  2:05  Factory  
  20  2:11  Marine  
  21  2:29  Marine  
  22  2:45  Marine  
  22  2:47  Marine  
  24  3:03  Marine  
  24  3:04  Marine  
  26  3:20  Marine  
  26  3:21  Factory Tech Lab  
  26  3:22  Marine  
  26  3:23  Starport  
  28  3:36  Command Center  
  28  3:38  SCV  
  28  3:39  Barracks Tech Lab  
  29  3:53  Barracks Reactor  
  29  4:00  Supply Depot  
  29  4:11  Barracks Tech Lab  
  29  4:13  Raven  
  31  4:21  Siege Tank, Supply Depot  
  34  4:31  Marine  
  34  4:32  Marine  
  34  4:33  Marine  
  34  4:35  Combat Shield  
  37  4:45  Supply Depot  
  37  4:46  SCV  
  37  4:49  Marine  
  39  4:53  Cyclone  
  42  5:02  Raven  
  42  5:04  Marine x2  
  46  5:09  Supply Depot  
  46  5:11  SCV  
  46  5:13  SCV  
  48  5:25  Marine x2  
  50  5:55  Stimpack  
  50  6:01  Starport Reactor, Siege Tank  
  50  6:03  SCV  
  55  6:05  Orbital Command  
  54  6:16  SCV  
  55  6:18  Engineering Bay  
  55  6:25  Factory  
  55  6:28  SCV  
  56  6:36  Marine x3  
  56  6:39  Siege Tank  
  62  6:40  SCV  
  63  6:52  SCV  
  63  6:53  Marine  
  63  6:54  Marine, Medivac  
  68  7:01  Missile Turret  
  68  7:09  Missile Turret  
  68  7:15  Liberator  
  68  7:21  Missile Turret  
  68  7:23  Missile Turret  
  68  7:29  Supply Depot  
  68  7:30  Supply Depot  
  71  7:52  Cyclone  
  74  8:00  Cyclone  
  74  8:02  SCV  
  74  8:03  SCV  
  74  8:05  Refinery  
  79  8:12  Refinery  
  79  8:15  SCV x2  
  81  8:24  Command Center  
  81  8:27  SCV x2  
  83  8:39  SCV  
  84  8:52  Ghost Academy  
  84  8:53  SCV x2  
  86  8:59  Barracks  
  86  9:01  Viking x2  
  90  9:05  SCV  
  90  9:07  Supply Depot  
  91  9:10  Supply Depot  
  91  9:11  Supply Depot  
  91  9:22  Sensor Tower  
  91  10:06  Orbital Command  
  91  10:07  Refinery x2  
  91  10:08  SCV x2  
  91  10:12  Terran Infantry Weapons Level 1  
  93  10:15  Armory  
  93  10:16  Personal Cloaking  
  93  10:18  Barracks Tech Lab  
  93  10:19  Ghost  
  93  10:20  SCV x2  
  97  10:21  Marine  
  97  10:22  Marine  
  99  10:32  SCV x2  
  101  10:39  Marine x2  
  101  10:42  Cyclone x2  
  109  10:44  SCV  
  109  10:47  Ghost  
  112  10:57  Marine x2  
  112  11:03  SCV x3  
  117  11:07  Terran Vehicle Weapons Level 1, Sensor Tower  
  117  11:14  Cyclone  
  117  11:15  SCV x2  
  117  11:16  Ghost  
  124  11:32  Medivac x2  
  128  11:40  SCV x3  
  128  11:44  Ghost  
  133  11:48  Supply Depot  
  133  11:50  Supply Depot  
  133  11:51  Supply Depot  
  133  11:52  Supply Depot  
  133  11:54  SCV x3  
  116  12:02  Medivac x2  
  116  12:06  SCV  
  121  12:13  Supply Depot x2  
  121  12:18  Supply Depot  
  121  12:19  Supply Depot  
Tags
 
Add a new tag
Caveats
  • Supply blocks, unpowered buildings, or Contaminate may cause inaccurate times.
  • Supply counts are checked every 10 seconds.